 Dungeon Crawl Stone Soup version 0.21-b1-23-g1fb0a74 (webtiles) character file.

72077 DunwichHorror the Severer (level 15, -5/139 HPs)
             Began as a Minotaur Artificer on Jan 6, 2018.
             Was the Champion of Nemelex Xobeh.
             Slain by an enormous slime creature (39 damage)
             ... on level 14 of the Dungeon.
             The game lasted 01:46:43 (22472 turns).

DunwichHorror the Severer (Minotaur Artificer)     Turns: 22472, Time: 01:46:43

Health: -5/139     AC: 21    Str: 30    XL:     15   Next: 0%
Magic:  31/31      EV: 16    Int: 15    God:    Nemelex Xobeh [******]
Gold:   1109       SH:  5    Dex: 12    Spells: 14/14 levels left

rFire    . . .     SeeInvis +   e - +14 obsidian axe {chop, +Fly SInv *Curse} (curse)
rCold    . . .     Gourm    +   T - +0 buckler
rNeg     + . .     Faith    .   s - +2 chain mail "Jorphy" {rN+ Regen+ Int+3}
rPois    .         Spirit   .   (helmet restricted)
rElec    .         Reflect  .   M - +2 cloak {+Inv}
rCorr    .         Harm     .   J - +1 pair of gloves
MR       ++...                  j - +0 pair of boots "Misch" {Str+8}
Stlth    ..........             C - amulet of the gourmand
HPRegen  0.73/turn              l - ring of protection from magic
MPRegen  0.22/turn              O - ring of Etsusm {MP+9 EV+4 Int+4}

@: about to teleport, mesmerised
A: retaliatory headbutt, horns 2
a: Triple Draw, Deal Four, Stack Five, Renounce Religion, Evoke Invisibility,
Evoke Flight


You were on level 14 of the Dungeon.
You worshipped Nemelex Xobeh.
Nemelex Xobeh was exalted by your worship.
You were completely stuffed.

You visited 4 branches of the dungeon, and saw 22 of its levels.
You also visited: Bailey.

You collected 1930 gold pieces.
You spent 821 gold pieces at shops.

Inventory:

Hand Weapons
 e - the cursed +14 obsidian axe (weapon) {chop, +Fly SInv *Curse}
   (You acquired it on level 9 of the Dungeon)

   It inflicts extra damage upon your enemies.
   It lets you see invisible.
   It lets you fly.
   It curses itself when equipped.
   It has a curse placed upon it.
 q - a +2 hand axe of flaming
 w - a +1 broad axe of chopping
Missiles
 V - 6 exploding tomahawks (quivered)
Armour
 d - a +0 shield
 j - the +0 pair of boots "Misch" (worn) {Str+8}
   (You found it in a bailey)

   It affects your strength (+8).
 s - the +2 chain mail "Jorphy" (worn) {rN+ Regen+ Int+3}
   (You found it on level 2 of the Lair of Beasts)

   It affects your intelligence (+3).
   It protects you from negative energy.
   It increases your rate of regeneration.
 J - a +1 pair of gloves (worn)
 M - a +2 cloak of invisibility (worn)
 T - a +0 buckler (worn)
Jewellery
 l - a ring of protection from magic (left hand)
 p - an uncursed ring of protection from fire
 C - an amulet of the gourmand (around neck)
 K - an uncursed ring of protection from cold
 O - the ring of Etsusm (right hand) {MP+9 EV+4 Int+4}
   (You took it off Duvessa on level 7 of the Dungeon)

   [ring of evasion]

   It affects your evasion (+4).
   It affects your intelligence (+4).
   It affects your magic capacity (+9).
 S - an uncursed ring of poison resistance
Wands
 t - a wand of iceblast (16)
 y - a wand of clouds (5)
 H - a wand of scattershot (3)
 I - a wand of acid (7)
 P - a wand of flame (32)
Scrolls
 g - 7 scrolls of remove curse
 k - 4 scrolls of enchant weapon
 n - 11 scrolls of teleportation
 r - 3 scrolls of identify
 v - a scroll of enchant armour
 B - a scroll of fear
 L - a scroll of immolation
 N - 2 scrolls of magic mapping
Potions
 a - 4 potions of resistance
 b - 5 potions of flight
 i - 2 potions of invisibility
 m - a potion of agility
 o - 5 potions of curing
 x - 2 potions of berserk rage
 z - 6 potions of heal wounds
 A - 3 potions of might
 F - 5 potions of haste
 X - a potion of cancellation
Miscellaneous
 c - an ornate deck of destruction
 h - a legendary deck of summoning {drawn: 4}
 u - an ornate deck of destruction
 D - an ornate deck of summoning {drawn: 4}
 E - a legendary deck of destruction
 G - a legendary deck of destruction
 R - an ornate deck of escape
 W - an ornate deck of escape
 Y - an ornate deck of summoning
 Z - a lightning rod (4/4)
Comestibles
 f - 37 rations


   Skills:
 + Level 14.9 Fighting
   Level 1.1 Short Blades
 - Level 18.0 Axes
 + Level 10.6 Armour
 - Level 6.0 Dodging
 - Level 0.7 Stealth
 + Level 7.1 Shields
 + Level 11.4 Invocations
 - Level 6.0 Evocations


You had 14 spell levels left.
You didn't know any spells.

Dungeon Overview and Level Annotations

Branches:
Dungeon (14/15)            Temple (1/1) D:5            Lair (5/6) D:10
  Swamp (0/4) Lair:4        Snake (0/4) Lair:2          Orc (2/2) D:10
    Elf (0/3) Orc:2        Vaults (0/5) D:13
  Slime: Lair:5-6

Altars:
Ashenzari
Fedhas
Gozag
Hepliaklqana
Nemelex Xobeh
Okawaru
Qazlal
Trog
Uskayaw
Vehumet
Xom
Yredelemnul
Beogh

Shops:
D:4 (   D:9 (   D:11 :   Orc:2 *[}}


Innate Abilities, Weirdness & Mutations

You reflexively headbutt those who attack you in melee.
You have a pair of horns on your head.


Message History

* * * LOW HITPOINT WARNING * * *
The lightning grounds out.
Your insubstantial wisp blinks!
The hippogriff barely misses your insubstantial wisp.
The hippogriff completely misses your insubstantial wisp. x2
The ynoxinul hits your insubstantial wisp.
Your insubstantial wisp is destroyed!
You block the enormous slime creature's attack.
Your wyvern closely misses the kobold demonologist.
The kobold misses you.
As you read the scroll of teleportation, it crumbles to dust.
You feel strangely unstable.
Visions of slaying the kobold flood into your mind.
The kobold demonologist hits your wyvern but does no damage.
The worker ant completely misses your wyvern.
Your wyvern barely misses the kobold demonologist.
The boggart mumbles some strange words.
The boggart blinks!
The enormous slime creature hits you!!!
You die...
Your body glows slightly and disappears.

........#.........#
#.#.#.
........#.........#
#.#.#.
........#.........####
#.#.#.
.(.....#.............
#.............
#.............
######.#......
#3#..... #@# ....
#.....KKJ.[....
#....Kl3hgH....
#..g.Ka.K......
#..?..5K.KK....
#......5.......
#..............
#..............


You could see an enormous slime creature, a hippogriff, 2 kobold demonologists,
a ynoxinul, 2 big kobolds, 2 boggarts, a hound, a worker ant, 2 ufetubi, 4
kobolds, a friendly soul eater and a friendly wyvern.

Vanquished Creatures
  A stone giant (Orc:2)
  Nessos (Orc:2)
  An ettin (Orc:1)
  A vault guard (D:13)
  2 hydras
  3 centaur warriors
  A tengu warrior (D:9)
  10 two-headed ogres
  3 ogre magi (Orc:2)
  2 death yaks (Lair:3)
  An unseen horror (D:11)
  Pikel (D:7)
  A wizard (D:13)
  An orc knight (Bailey)
  An orb spider (D:13)
  A mana viper (Lair:4)
  2 necromancers
  2 ugly things
  A deep elf mage (D:13)
  6 elephants
  3 cyclopes
  2 manticores
  An eye of devastation (D:13)
  A centaur zombie (D:11)
  A black mamba (Lair:5)
  A gargoyle (D:12)
  A torpor snail (Lair:2)
  4 spiny frogs
  6 komodo dragons
  A polar bear (Lair:2)
  6 trolls
  3 meliai (D:13)
  Prince Ribbit (D:7)
  A hornet (Lair:2)
  7 hippogriffs
  6 slime creatures
  A shadow (D:13)
  3 wraiths
  10 humans (D:13)
  A spriggan (Lair:2)
  2 fire bats (D:13)
  27 yaks
  2 wyverns
  A golden eye (D:13)
  2 hungry ghosts
  A basilisk (Lair:1)
  A steam dragon (D:10)
  12 vampire mosquitoes
  3 wargs
  A soldier ant (D:11)
  2 nagas (Lair:2)
  An acid dragon (D:13)
  7 water moccasins
  9 porcupines
  19 orc warriors
  4 sky beasts
  2 black bears
  An eye of draining (D:9)
  A phantom (D:10)
  2 ice beasts
  2 necrophages
  20 ogres
  11 wolves
  2 boggarts (D:14)
  9 crocodiles
  12 centaurs
  4 big kobolds
  13 bullfrogs
  A gnoll sergeant (D:7)
  2 scorpions
  7 killer bees
  4 wights (D:8)
  An electric eel (Lair:4)
  6 crimson imps
  3 howler monkeys (D:7)
  A bullfrog zombie (D:10)
  6 hounds
  12 orc priests
  3 centaur skeletons
  3 bullfrog skeletons
  A jelly (D:9)
  25 orc wizards
  Jessica (D:3)
  5 iguanas
  Ijyb (D:3)
  2 polar bear simulacra (D:9)
  12 worker ants
  4 yak simulacra (D:9)
  2 wolf simulacra (D:9)
  2 hound skeletons
  2 worker ant zombies
  A howler monkey skeleton (D:5)
  9 gnolls
  19 adders
  A shadow imp (D:12)
  4 oozes
  5 adder skeletons
  4 worms
  A dart slug (D:1)
  6 leopard geckos
  96 orcs
  9 giant cockroaches
  4 goblins
  5 hobgoblins
  10 jackals
  3 quokkas
  2 ball pythons
  8 bats
  7 frilled lizards
  20 kobolds
  A leopard gecko skeleton (D:6)
  A quokka zombie (D:7)
  6 rats
  2 river rat simulacra (D:9)
  5 fungi
  3 plants
613 creatures vanquished.

Vanquished Creatures (collateral kills)
  2 orc warlords
  Josephine (Lair:4)
  A minotaur (Lair:2)
  A vault guard (D:13)
  2 hydras
  4 two-headed ogres (Orc:2)
  2 death yaks (Lair:3)
  Sonja (Lair:4)
  Nergalle (Lair:1)
  A necromancer (D:13)
  A wizard (D:13)
  An orc sorcerer (Orc:1)
  An orc knight (Bailey)
  2 cyclopes
  A centaur zombie (D:13)
  2 elephants (Lair:3)
  Joseph (D:8)
  A gargoyle (D:7)
  2 komodo dragons
  A rime drake (Lair:1)
  A troll (Orc:2)
  A vampire (D:14)
  3 wraiths (Lair:4)
  A human (D:13)
  4 yaks
  5 wargs
  Duvessa (D:7)
  A porcupine (Lair:2)
  A water moccasin (Lair:4)
  10 orc warriors
  4 slaves (D:7)
  A sky beast (D:13)
  2 black bears
  5 ogres
  A wolf (Lair:2)
  2 crocodiles
  3 bullfrogs
  Dowan (D:7)
  An orc wizard (Orc:1)
  3 orc priests
  17 orcs
  2 kobolds (D:10)
  A river rat simulacrum (D:9)
  2 fungi
102 creatures vanquished.

Vanquished Creatures (others)
  3 two-headed ogres (Orc:2)
  An ogre mage (Orc:2)
  A hungry ghost (D:9)
  12 ogres (Orc:2)
  A quasit (D:9)
  A jelly (D:9)
  2 ball lightnings
  5 orcs
  2 fungi (Lair:3)
  A plant (Lair:4)
29 creatures vanquished.

Grand Total: 744 creatures vanquished

Notes
Turn   | Place    | Note
-------+----------+-------------------------------------------
     0 | D:1      | DunwichHorror the Minotaur Artificer began the quest for the Orb.
     0 | D:1      | Reached XP level 1. HP: 16/16 MP: 1/1
   144 | D:1      | Reached skill level 1 in Armour
   296 | D:1      | Reached XP level 2. HP: 23/24 MP: 3/3
   370 | D:1      | Reached skill level 1 in Axes
   905 | D:1      | Reached XP level 3. HP: 28/30 MP: 4/4
  1180 | D:2      | Reached skill level 2 in Axes
  1779 | D:2      | Reached XP level 4. HP: 37/37 MP: 5/5
  2371 | D:3      | Reached skill level 3 in Axes
  2447 | D:3      | Noticed Ijyb
  2456 | D:3      | Killed Ijyb
  2619 | D:3      | Reached XP level 5. HP: 43/45 MP: 6/6
  2773 | D:3      | Reached skill level 4 in Axes
  3350 | D:3      | Noticed Jessica
  3353 | D:3      | Killed Jessica
  3353 | D:3      | Reached XP level 6. HP: 51/52 MP: 7/7
  3475 | D:3      | Found a sparkling altar of Nemelex Xobeh.
  3475 | D:3      | Found a blossoming altar of Fedhas.
  3475 | D:3      | Found an iron altar of Okawaru.
  3484 | D:3      | Became a worshipper of Nemelex Xobeh the Trickster
  3530 | D:3      | Reached skill level 5 in Axes
  3854 | D:4      | Reached skill level 1 in Invocations
  4012 | D:4      | Reached skill level 6 in Axes
  4031 | D:4      | Reached XP level 7. HP: 53/60 MP: 8/8
  4248 | D:4      | Found Ikliat's Antique Weapon Emporium.
  4284 | D:4      | Reached skill level 5 in Fighting
  4612 | D:4      | Received a gift from Nemelex Xobeh
  4710 | D:5      | Entered Level 5 of the Dungeon
  4750 | D:5      | Found a staircase to the Ecumenical Temple.
  4788 | D:5      | Reached skill level 7 in Axes
  4842 | Temple   | Entered the Ecumenical Temple
  4991 | D:5      | Reached * piety under Nemelex Xobeh
  5243 | D:5      | Received a gift from Nemelex Xobeh
  5600 | D:6      | Found a hide-covered altar of Uskayaw.
  5662 | D:6      | Reached XP level 8. HP: 66/70 MP: 9/9
  5787 | D:6      | Received a gift from Nemelex Xobeh
  5942 | D:6      | Found an opulent altar of Gozag.
  6066 | D:6      | Found a stormy altar of Qazlal.
  6140 | D:7      | Reached skill level 8 in Axes
  6336 | D:7      | Noticed Duvessa
  6352 | D:7      | Noticed Dowan
  6356 | D:7      | Killed Duvessa
  6356 | D:7      | Reached skill level 9 in Axes
  6357 | D:7      | Killed Dowan
  6360 | D:7      | Got a twitching granite ring
  6720 | D:7      | Noticed Prince Ribbit
  6739 | D:7      | Killed Prince Ribbit
  6753 | D:7      | Reached XP level 9. HP: 78/79 MP: 11/11
  6834 | D:7      | Reached ** piety under Nemelex Xobeh
  6859 | D:7      | Reached skill level 10 in Axes
  6879 | D:7      | Received a gift from Nemelex Xobeh
  6893 | D:7      | Reached skill level 5 in Invocations
  7334 | D:7      | Reached skill level 1 in Shields
  7392 | D:7      | Noticed a gargoyle
  7406 | D:7      | Killed a gargoyle
  7438 | D:7      | Noticed Pikel
  7459 | D:7      | Killed Pikel
  7459 | D:7      | Reached skill level 11 in Axes
  8002 | D:8      | Reached XP level 10. HP: 90/90 MP: 13/13
  8039 | D:8      | Identified the ring of Etsusm {MP+9 EV+4 Int+4} (You took it off Duvessa on level 7 of the Dungeon)
  8294 | D:8      | Received a gift from Nemelex Xobeh
  8326 | D:8      | Noticed Joseph
  8335 | D:8      | Killed Joseph
  8661 | D:9      | Received a gift from Nemelex Xobeh
  8684 | D:9      | Reached skill level 12 in Axes
  8696 | D:9      | Noticed a tengu warrior
  8714 | D:9      | Killed a tengu warrior
  8800 | D:9      | Found a hazy altar of Hepliaklqana.
  8809 | D:9      | Found a stormy altar of Qazlal.
  8810 | D:9      | Found a bloodstained altar of Trog.
  9025 | D:9      | Noticed a centaur warrior
  9039 | D:9      | Killed a centaur warrior
  9039 | D:9      | Reached skill level 13 in Axes
  9079 | D:9      | Noticed a cyclops
  9104 | D:9      | Killed a cyclops
  9104 | D:9      | Reached skill level 10 in Fighting
  9157 | D:9      | Reached XP level 11. HP: 30/99 MP: 15/15
  9983 | D:9      | Received a gift from Nemelex Xobeh
  9995 | D:9      | Identified 2 scrolls of acquirement
  9996 | D:9      | Found the +14 obsidian axe {chop, +Fly SInv *Curse}
 10075 | D:9      | Found a shattered altar of Ashenzari.
 10185 | D:9      | Noticed a necromancer
 10198 | D:9      | Killed a necromancer
 10406 | D:9      | Found Goxicig's Antique Weapon Emporium.
 10456 | D:10     | Entered Level 10 of the Dungeon
 10564 | D:10     | Found a roughly hewn altar of Beogh.
 10564 | D:10     | Found a staircase to the Orcish Mines.
 10569 | D:10     | Reached *** piety under Nemelex Xobeh
 10599 | D:10     | Found a staircase to the Lair.
 10621 | D:10     | Reached skill level 14 in Axes
 10724 | D:9      | Bought a broad axe for 140 gold pieces
 11141 | D:10     | Received a gift from Nemelex Xobeh
 11191 | D:10     | Reached skill level 5 in Armour
 11936 | Lair:1   | Entered Level 1 of the Lair of Beasts
 12198 | Lair:1   | Found a blossoming altar of Fedhas.
 12296 | Lair:1   | Noticed Nergalle
 12306 | Lair:1   | Killed Nergalle
 12371 | Lair:1   | Noticed an eight-headed hydra
 12375 | Lair:1   | Reached **** piety under Nemelex Xobeh
 12575 | Lair:1   | Killed an 18-headed hydra
 12800 | Lair:1   | You fall through a shaft!
 12800 | Lair:2   | Found a staircase to the Snake Pit.
 12803 | Lair:2   | Noticed a five-headed hydra
 12810 | Lair:2   | Killed a five-headed hydra
 12827 | Lair:2   | Received a gift from Nemelex Xobeh
 12865 | Lair:2   | Reached skill level 15 in Axes
 12865 | Lair:2   | Reached XP level 12. HP: 108/110 MP: 17/17
 12880 | Lair:2   | Got a bloodstained chain mail
 12898 | Lair:1   | Identified the +2 chain mail "Jorphy" {rN+ Regen+ Int+3} (You found it on level 2 of the Lair of Beasts)
 13223 | Lair:2   | Noticed an eight-headed hydra
 13229 | Lair:2   | Noticed a minotaur
 13229 | Lair:2   | an eight-headed hydra changed into a minotaur
 13232 | Lair:2   | Killed a minotaur
 13531 | Lair:2   | Received a gift from Nemelex Xobeh
 14213 | Lair:3   | Received a gift from Nemelex Xobeh
 14285 | Lair:3   | Noticed a death yak
 14285 | Lair:3   | Noticed a death yak
 14287 | Lair:3   | Killed a death yak
 14287 | Lair:3   | Reached skill level 16 in Axes
 14288 | Lair:3   | Noticed a death yak
 14288 | Lair:3   | Noticed a death yak
 14291 | Lair:3   | Killed a death yak
 14297 | Lair:3   | Killed a death yak
 14297 | Lair:3   | Killed a death yak
 14419 | Lair:3   | Reached ***** piety under Nemelex Xobeh
 14616 | Lair:3   | Received a gift from Nemelex Xobeh
 14968 | Lair:4   | Reached skill level 5 in Evocations
 14974 | Lair:4   | Reached XP level 13. HP: 105/119 MP: 18/18
 15164 | Lair:4   | Noticed Josephine
 15169 | Lair:4   | Noticed Sonja
 15176 | Lair:4   | Killed Josephine
 15178 | Lair:4   | Killed Sonja
 15358 | Lair:4   | Found a staircase to the Swamp.
 15600 | Lair:4   | Received a gift from Nemelex Xobeh
 16077 | Lair:5   | Reached skill level 17 in Axes
 16207 | Lair:5   | Received a gift from Nemelex Xobeh
 16656 | Orc:1    | Entered Level 1 of the Orcish Mines
 16680 | Orc:1    | Received a gift from Nemelex Xobeh
 16691 | Orc:1    | Noticed an orc warlord
 16700 | Orc:1    | Killed an orc warlord
 16711 | Orc:1    | Noticed an ettin
 16728 | Orc:1    | Killed an ettin
 16746 | Orc:1    | Found a flagged portal.
 16756 | Bailey   | Entered a bailey
 17239 | Bailey   | Got a pair of scorched boots
 17245 | Bailey   | Identified the cursed +0 pair of boots "Misch" {Str+8} (You found it in a bailey)
 17251 | Bailey   | Got a transparent granite ring
 17254 | Bailey   | Identified the ring "Qazamnyx" {Wiz -Tele Dex+9} (You found it in a bailey)
 17451 | Orc:2    | Entered Level 2 of the Orcish Mines
 17451 | Orc:2    | Noticed an orc warlord
 17474 | Orc:2    | Killed an orc warlord
 17550 | Orc:2    | Noticed a stone giant
 17564 | Orc:2    | Killed a stone giant
 17645 | Orc:1    | Received a gift from Nemelex Xobeh
 17871 | Orc:2    | Noticed Nessos
 17884 | Orc:2    | Killed Nessos
 18206 | Orc:1    | Received a gift from Nemelex Xobeh
 18553 | Orc:2    | Reached skill level 18 in Axes
 18554 | Orc:2    | Reached XP level 14. HP: 88/129 MP: 20/20
 18555 | Orc:2    | Reached skill level 10 in Invocations
 18559 | Orc:2    | Reached skill level 5 in Dodging
 18563 | Orc:2    | Found Looqyfoi's General Store.
 18563 | Orc:2    | Found Ofoe's Gadget Shoppe.
 18563 | Orc:2    | Found Nofanges's Antique Armour Shoppe.
 18563 | Orc:2    | Found Hutifir's Gadget Boutique.
 18568 | Orc:2    | Bought a scroll of identify for 26 gold pieces
 18668 | Orc:2    | Found a staircase to the Elven Halls.
 18675 | Orc:2    | Reached ****** piety under Nemelex Xobeh
 18690 | Orc:2    | Found a roughly hewn altar of Beogh.
 19025 | Orc:2    | Bought a shield for 135 gold pieces
 19026 | Orc:2    | Bought a scroll of brand weapon for 260 gold pieces
 19026 | Orc:2    | Bought 2 potions of resistance for 260 gold pieces
 19528 | D:11     | Received a gift from Nemelex Xobeh
 19606 | D:11     | Received a gift from Nemelex Xobeh
 19819 | D:11     | Found Vuplel Wuo's Book Emporium.
 20024 | D:11     | Received a gift from Nemelex Xobeh
 20192 | D:12     | Reached skill level 5 in Shields
 20480 | D:12     | Received a gift from Nemelex Xobeh
 21477 | D:13     | Reached skill level 10 in Armour
 21699 | D:13     | Received a gift from Nemelex Xobeh
 21919 | D:13     | Found a gate to the Vaults.
 22144 | D:13     | Received a gift from Nemelex Xobeh
 22383 | D:14     | Received a gift from Nemelex Xobeh
 22468 | D:14     | Reached XP level 15. HP: 90/139 MP: 22/22
 22472 | D:14     | Slain by an enormous slime creature

Skill      XL: |  1  2  3  4  5  6  7  8  9 10 11 12 13 14 |
---------------+-------------------------------------------+-----
Armour         | 1 2 3 6 8 9 10 | 10.6
Fighting       | 2 3 4 5 7 8 10 11 12 13 14 | 14.9
Axes           | 1 2 3 4 6 7 9 11 13 15 16 18 | 18.0
Invocations    | 1 3 4 6 7 8 9 11 | 11.4
Shields        | 4 7 |  7.1
Evocations     | 5 6 |  6.0
Dodging        | 4 6 |  6.0
Short Blades   | |  1.1
Stealth        | |  0.7

Action                   |  1- 3 |  4- 6 |  7- 9 | 10-12 | 13-15 || total
-------------------------+-------+-------+-------+-------+-------++-------
Melee: Short sword       |    16 |       |       |       |       ||    16
       Headbutt          |    15 |    15 |    48 |    75 |    77 ||   230
       Hand axe          |    79 |   127 |   262 |   186 |       ||   654
       Broad axe         |       |       |       |   286 |   355 ||   641
Throw: Tomahawk          |       |       |       |     1 |     3 ||     4
 Abil: Evoke Invisibilit |       |       |       |       |     1 ||     1
Evoke: Wand              |       |     5 |    27 |    47 |    89 ||   168
       Deck              |       |       |     7 |    27 |    35 ||    69
       Lightning rod     |       |       |       |     6 |     4 ||    10
  Use: Scroll            |       |       |    11 |    15 |    15 ||    41
       Potion            |       |       |       |       |     5 ||     5
 Stab: Sleeping          |     1 |       |       |       |       ||     1
       Distracted        |       |       |     1 |     1 |     4 ||     6
       Petrified         |       |       |       |     6 |       ||     6
  Eat: Chunk             |     3 |     7 |    14 |    33 |    26 ||    83
Armor: Leather armour    |     9 |       |       |       |       ||     9
       Ring mail         |     8 |    27 |       |       |       ||    35
       Chain mail        |       |    19 |   123 |   106 |   136 ||   384
       Plate armour      |       |       |       |    69 |       ||    69
Dodge: Dodged            |    67 |    56 |    71 |   220 |   214 ||   628
Block: Buckler           |       |       |     4 |    67 |    72 ||   143
